 Dungeon Crawl Stone Soup version 0.24-a0-459-g225fefd530 (webtiles) character file.

Game seed: 384841423378772692

58 Gargoyl the Skirmisher (level 3, -1/31 HPs)
             Began as a Centaur Abyssal Knight on June 28, 2019.
             Was a Follower of Lugonu.
             Slain by a hobgoblin
             ... wielding a +0 rapier
              (5 damage)
             ... on level 2 of the Dungeon.
             The game lasted 00:01:59 (1467 turns).

Gargoyl the Skirmisher (Centaur Abyssal Knight)     Turns: 1467, Time: 00:01:59

Health: -1/31      AC:  6    Str: 12    XL:     3   Next: 76%
Magic:  4/4        EV:  6    Int: 11    God:    Lugonu [*.....]
Gold:   131        SH:  3    Dex:  9    Spells: 2/2 levels left

rFire    . . .     SeeInvis .   a - +1 hand axe
rCold    . . .     Gourm    .   k - +1 buckler
rNeg     . . .     Faith    .   g - +0 scale mail
rPois    .         Spirit   .   (no helmet)
rElec    .         Reflect  .   (no cloak)
rCorr    .         Harm     .   (no gloves)
MR       .....                  (no barding)
Stlth    ..........             d - amulet of the acrobat
HPRegen  0.10/turn              j - -2 ring of strength (curse)
MPRegen  0.09/turn              (no ring)

@: very quick
A: large, hooves 3, deformed body, speed 2, tough skin 3
a: Depart the Abyss, Renounce Religion


You were on level 2 of the Dungeon.
You worshipped Lugonu.
Lugonu was aware of your devotion.
You were not hungry.

You visited 1 branch of the dungeon, and saw 2 of its levels.
You visited the Abyss 1 time.

You collected 131 gold pieces.

Inventory:

Hand Weapons
 a - a +1 hand axe (weapon)
Armour
 g - a +0 scale mail (worn)
 k - a +1 buckler (worn)
Jewellery
 d - an amulet of the acrobat (around neck)
 j - a cursed -2 ring of strength (left hand)
Scrolls
 b - a scroll of identify {unknown}
Potions
 h - a potion of haste
Comestibles
 c - 5 rations


   Skills:
 + Level 3.4 Fighting
 + Level 2.1 Axes
 * Level 2.1 Armour
 * Level 1.3 Dodging
 * Level 2.3 Invocations


You had 2 spell levels left.
You didn't know any spells.
Your spell library was empty.

Dungeon Overview and Level Annotations

Branches:
Dungeon (2/15)

Altars:


Innate Abilities, Weirdness & Mutations

You have hooves in place of feet.
Armour fits poorly on your strangely shaped body.
You cover ground very quickly.
You have extremely tough skin. (AC +3)


Message History

You closely miss the hobgoblin. You block the hobgoblin's attack.
A kobold comes into view.
You closely miss the hobgoblin. You kick the hobgoblin.
The hobgoblin is heavily wounded.
You hit the hobgoblin but do no damage.
The hobgoblin drinks a potion.
The hobgoblin seems to grow stronger.
The hobgoblin hits you. You block the hobgoblin's attack.
You hit the hobgoblin.
The hobgoblin is almost dead.
You hit the hobgoblin. The hobgoblin hits you.
The hobgoblin hits you with a +0 rapier.
* * * LOW HITPOINT WARNING * * *
Unknown command.
Your scale mail prevents you from hitting the hobgoblin.
Your kick misses the hobgoblin.
The hobgoblin is almost dead.
You hit the hobgoblin. The hobgoblin hits you.
* * * LOW HITPOINT WARNING * * *
The hobgoblin hits you with a +0 rapier.
You die...

########### ##
#.........#
##.
#.........#
...
###...g.....#
#
....K..g@....#
##.# #
..#######†####
#...##+## #†#
#........ #.#
#..8..... #.#
.#..8.8. #.###
........
#...### #..
#.## ###.>.#
#.###...
###.##
#.##.>##


You could see 2 hobgoblins and a kobold.

Vanquished Creatures
  3 adders (D:2)
  A dart slug (D:1)
  2 leopard geckos (D:1)
  A giant cockroach (D:1)
  6 goblins
  A hobgoblin (D:1)
  4 kobolds
  A quokka (D:2)
  5 bats
  4 frilled lizards
28 creatures vanquished.

Notes
Turn   | Place    | Note
-------+----------+-------------------------------------------
     0 | Abyss:1  | Gargoyl the Centaur Abyssal Knight began the quest for the
                  | Orb.
     0 | Abyss:1  | Reached XP level 1. HP: 19/19 MP: 2/2
    17 | Abyss:1  | Found a corrupted altar of Lugonu.
    34 | Abyss:1  | Noticed a quasit
    39 | Abyss:1  | Noticed a tentacled starspawn
    40 | D:1      | Escaped the Abyss
    40 | D:1      | Noticed a tentacled monstrosity
    66 | D:1      | Reached * piety under Lugonu
   190 | D:1      | Reached XP level 2. HP: 18/26 MP: 3/3
   792 | D:1      | Noticed a green draconian
   794 | D:1      | Noticed a shadow dragon
   795 | D:1      | Noticed an ice dragon
   795 | D:1      | Noticed an iron dragon
   797 | D:1      | Noticed an iron dragon
   797 | D:1      | Noticed a large abomination
   801 | D:1      | Noticed a shadow dragon
   803 | D:1      | Noticed a shadow dragon
   803 | D:1      | Noticed an iron dragon
   805 | D:1      | Noticed an iron dragon
   805 | D:1      | Noticed a large abomination
   807 | D:1      | Noticed a large abomination
   808 | D:1      | Noticed a red draconian
   809 | D:1      | Noticed a large abomination
   811 | D:1      | Noticed a large abomination
   813 | D:1      | Noticed a tentacled monstrosity
  1151 | D:2      | Reached skill level 1 in Dodging
  1151 | D:2      | Reached XP level 3. HP: 20/31 MP: 4/4
  1467 | D:2      | Slain by a hobgoblin

Levels and vault maps discovered:
D:1:      shiori_arrival_whats_in_store_for_you, layout_basic
D:2:      layout_rooms, zin_statuary

Skill      XL: |  1  2  3 |
---------------+----------+-----
Axes           | 2 |  2.1
Dodging        | 1 |  1.3
Armour         | 2 |  2.1
Fighting       | |  3.4
Invocations    | |  2.3

Action                   || total
-------------------------++-------
Melee: Hand axe          ||    91
       Kick              ||    12
Invok: Depart the Abyss  ||     1
  Use: Scroll            ||     1
       Potion            ||     4
  Eat: Chunk             ||     1
Armor: Leather armour    ||     8
       Scale mail        ||    38
Dodge: Dodged            ||    47
Block: Buckler           ||     7

Table legend:
 A = Non-vault XP
 B = Vault XP
 C = Vault XP percentage of total XP
 D = Non-vault monster count
 E = Vault monster count
 F = Vault count percentage of total count
                 A         B        C        D         E       F
            +---------+---------+-------+---------+---------+-------
      Total |      84 |       0 |   0.0 |      28 |       0 |   0.0
            +---------+---------+-------+---------+---------+-------
        D:1 |      33 |       0 |   0.0 |      16 |       0 |   0.0
        D:2 |      51 |       0 |   0.0 |      12 |       0 |   0.0
            +---------+---------+-------+---------+---------+-------
